AoeStats
← Mojojoto

Arena

507787781Analyzed
4v4 RM · 11d ago on Sep 19, 2026· 24m 25s· 8 players
Game mode
Random Map
Map size
Large (8 player)
Population
200
Speed
Normal
Resources
Standard
Victory
Conquest
Starting age
Dark Age
Ending age
Imperial Age
RankedLock teamsTeams togetherTeam positionsShared explorationLock speedFull tech treeHidden civsTurbo modeCheats
Victory
Defeat
🇹🇷 Goths · Türkiye
1032
+16
🇺🇸 Magyars · United States
978
+18
🇹🇷 Franks · Türkiye
972
+18
🇺🇸 Khmer · United States
968
+20
🇹🇷 Turks · Türkiye
1050
-53
🇹🇷 Magyars · Türkiye
1026
-18
🇻🇪 Lithuanians · Venezuela
1024
-18
🇨🇱 Inca · Chile
1008
-17
Mojojoto
10:26 Feudal Age
11:23 Double-Bit Axe
11:21 Horse Collar
13:01 Loom
15:53 Castle Age
17:00 Bow Saw
17:26 Heavy Plow
18:44 Scale Barding Armor
18:55 Bloodlines
22:59 Chain Barding Armor
Ayax
11:15 Feudal Age
12:20 Double-Bit Axe
12:16 Horse Collar
13:27 Wheelbarrow
17:23 Castle Age
16:23 Stone Mining
18:33 Bow Saw
18:39 Heavy Plow
19:40 Loom
Pearlie
4:12 Loom
10:42 Feudal Age
11:20 Double-Bit Axe
11:17 Horse Collar
12:24 Gold Mining
19:32 Castle Age
18:37 Stone Mining
19:26 Wheelbarrow
19:41 Scale Barding Armor
19:28 Fletching
19:38 Padded Archer Armor
21:30 Husbandry
23:18 Gold Shaft Mining
23:27 Chain Barding Armor
24:16 Hand Cart
23:49 Loom
24:34 Bow Saw
24:36 Heavy Plow
Portakal
12:35 Feudal Age
14:39 Double-Bit Axe
15:32 Loom
16:01 Horse Collar
22:19 Castle Age
20:41 Padded Archer Armor
DigitalSixteen
10:37 Feudal Age
16:07 Castle Age
14:33 Double-Bit Axe
15:45 Horse Collar
16:50 Stone Mining
17:11 Bow Saw
19:10 Heavy Plow
22:32 Pikeman
24:10 Scale Barding Armor
DigitalTwelve
10:17 Feudal Age
10:44 Feudal Age
13:59 Castle Age
13:06 Double-Bit Axe
13:06 Horse Collar
17:02 Loom
18:45 Wheelbarrow
18:23 Bow Saw
18:26 Scale Barding Armor
19:23 Heavy Plow
22:06 Hand Cart
Nightman
12:31 Feudal Age
17:18 Castle Age
16:25 Double-Bit Axe
16:40 Horse Collar
17:02 Gold Mining
17:33 Stone Mining
19:10 Heavy Plow
21:44 Bow Saw
25:20 Stone Shaft Mining
tosunpaşa
11:41 Feudal Age
16:22 Castle Age
14:20 Double-Bit Axe
16:45 Wheelbarrow
17:19 Bow Saw
18:52 Town Watch
22:39 Loom
23:55 Gold Mining
23:55 Stone Mining
24:51 Hand Cart
Connection lost

Rejoining the realm…

Still unreachable

The connection could not be restored.

Session expired

The server has moved on; the page needs a fresh start.